 Dungeon Crawl Stone Soup version 0.16-a0-3513-g565f631 (webtiles) character file.

2171 Minkie the Jinx (level 9, -1/57 HPs)
             Began as a Vampire Enchanter on Jan 6, 2015.
             Was a Believer of Kikubaaqudgha.
             Killed from afar by an orc wizard (5 damage)
             ... with a magic dart
             ... on level 6 of the Dungeon.
             The game lasted 00:28:08 (7471 turns).

Minkie the Jinx (Vampire Enchanter)                 Turns: 7471, Time: 00:28:08

Health: -1/57      AC:  7    Str:  7    XL:     9   Next: 11%
Magic:  11/14      EV: 14    Int: 20    God:    Kikubaaqudgha [**....]
Gold:   299        SH:  0    Dex: 14    Spells: 3 memorised, 6 levels left

rFire  . . .     SeeInvis +     m - +3 dagger (drain)
rCold  + + .     Clarity  .     b - +1 robe (curse)
rNeg   + + +     SustAb   .     (no shield)
rPois  ∞         Gourm    .     (no helmet)
rElec  .         Spirit   .     u - +0 cloak
rCorr  .         Warding  .     n - +1 pair of gloves
rMut   .         Rnd*Tele +     p - +0 pair of boots
MR     .....                    (no amulet)
Stlth  +++++.....               (no ring)
                                w - ring of teleportation (curse)

@: bloodless, non-regenerating, not resistant to hostile enchantments, quite
stealthy
A: bottle blood, fangs 3, see invisible, unbreathing
a: Bat Form, Receive Corpses, Renounce Religion, Evoke Teleportation


You were on level 6 of the Dungeon.
You worshipped Kikubaaqudgha.
Kikubaaqudgha was pleased with you.
You were bloodless.

You visited 1 branch of the dungeon, and saw 6 of its levels.

You collected 299 gold pieces.

Inventory:

Hand weapons
 l - a +2 dagger of venom
 m - a +3 dagger of draining (weapon)
Missiles
 r - 7 curare-tipped needles
 s - 2 needles of slowing
 x - 9 poisoned needles
Armour
 b - a cursed +1 robe (worn)
 n - a +1 pair of gloves (worn)
 p - a +0 pair of boots (worn)
 u - a +0 cloak (worn)
Jewellery
 w - a cursed ring of teleportation (left hand)
Magical devices
 q - a wand of flame (48)
 A - a wand of frost (25)
Scrolls
 f - 6 scrolls of identify
 j - a scroll of amnesia
 k - a scroll of immolation
 o - a scroll of teleportation
 v - a scroll of remove curse {unknown}
Potions
 a - a potion of brilliance {unknown}
 d - 8 potions of blood
 e - 5 potions of heal wounds
 g - 3 potions of might {unknown}
 h - a potion of resistance {unknown}
 i - a potion of haste {unknown}
 t - 3 potions of curing {unknown}
 z - a potion of mutation {unknown}
 B - a potion of invisibility {unknown}
Books
 c - a book of Maledictions

   Spells                             Type                      Level
   a - Corona                         Hexes                        1
   b - Sure Blade                     Hexes/Charms                 2
   c - Ensorcelled Hibernation        Hexes/Ice                    2
   d - Confuse                        Hexes                        3
   e - Dazzling Spray                 Conjuration/Hexes            3
   f - Enslavement                    Hexes                        4
 y - Kikubaaqudgha's Grimoire of Stolen Souls
   (Kikubaaqudgha gifted it to you on level 4 of the Dungeon)

   Spells                             Type                      Level
   a - Animate Skeleton               Necromancy                   1
   b - Corpse Rot                     Necromancy                   2
   c - Sublimation of Blood           Necromancy                   2
   d - Vampiric Draining              Necromancy                   3
   e - Control Undead                 Necromancy                   4


   Skills:
 * Level 8.3 Short Blades
 + Level 4.3 Dodging
 - Level 8.0 Stealth
 - Level 2.0 Spellcasting
 + Level 8.8 Hexes
 + Level 5.1 Ice Magic


You had 6 spell levels left.
You knew the following spells:

 Your Spells              Type           Power        Failure   Level  Hunger
a - Corona                Hex            #####..      1%          1    #......
b - Ensorcelled Hibernat  Hex/Ice        ####..       1%          2    ##.....
c - Confuse               Hex            #####...     1%          3    ###....


Dungeon Overview and Level Annotations

Branches:
Dungeon (6/15)
 Temple: D:4-7

Altars:
Kikubaaqudgha
Okawaru
Trog
Xom

Annotations:
D:3 Prince Ribbit


Innate Abilities, Weirdness & Mutations

You do not heal naturally.
You can bottle blood from corpses.
You have razor-sharp teeth.
You have supernaturally acute eyesight.
You can survive without breathing.


Message History

The giant frog looks drowsy...
The worker ant bites you but does no damage.
The orc priest calls down the wrath of Beogh upon you.
Something smites you!
* * * LOW HITPOINT WARNING * * *
The helpless giant frog fails to defend itself.
You bite the giant frog, and draw its blood!
You feel better.
You feel slightly less thirsty.
You perforate the giant frog like a sieve!!!
You kill the giant frog!
Kikubaaqudgha accepts your kill. The worker ant misses you.
You see here a giant frog corpse.
The orc wizard points at you and mumbles some strange words.
The magic dart hits you!
* * * LOW HITPOINT WARNING * * *
The orc wizard points at you and mumbles some strange words.
The magic dart hits you!
You die...
Kikubaaqudgha rasps: "You have failed me!
Welcome... oblivion!"

... ##..#.)...# ..$
.###...###...##
####'########'##...........#
.........#P...#...........<.
#.........#...P#..#######....
#.........#P...#.## #....
#.........#...P#.# #...^
.........#P...##########....
.......Wo#.@.P##.........###
......oro#P...#..####....#
......ho.#†..P#..(#......#
......HHao....#..........##
#################....###.#..#
##...# ##.# #....####..##.#
###....# #..#
##....####.###.## ...###.##
#.## #..##..##..###... ..##
#..# ##.# ##.####....###..#.


You could see an orc wizard.

Vanquished Creatures
  Menkaure (D:5)
  An orc warrior (D:6)
  4 ogres
  A phantom (D:6)
  A centaur (D:5)
  2 ice beasts (D:5)
  Sigmund (D:4)
  A wyvern zombie (D:6)
  A giant frog (D:6)
  3 scorpions (D:4)
  A water moccasin skeleton (D:5)
  A crimson imp (D:5)
  2 orc priests
  Crazy Yiuf (D:4)
  3 hounds (D:5)
  An iguana (D:4)
  8 orc wizards
  5 worker ants
  Ijyb (D:4)
  A hound skeleton (D:4)
  2 worker ant zombies (D:5)
  8 adders
  3 shadow imps
  A worm (D:2)
  An adder skeleton (D:5)
  4 giant geckos
  2 oozes (D:1)
  14 orcs
  A ball python (D:1)
  13 bats
  2 bat skeletons
  4 bat zombies (D:3)
  10 giant cockroaches
  19 goblins
  16 hobgoblins
  5 jackals
  5 quokkas
  4 giant newts
  7 kobolds
  A quokka skeleton (D:5)
  8 rats
  2 rat zombies (D:3)
  A fungus (D:4)
173 creatures vanquished.

Notes
Turn   | Place    | Note
--------------------------------------------------------------
     0 | D:1      | Minkie, the Vampire Enchanter, began the quest for the Orb.
     0 | D:1      | Reached XP level 1. HP: 13/13 MP: 3/3
   373 | D:1      | Reached XP level 2. HP: 17/19 MP: 4/4
   377 | D:1      | Learned a level 2 spell: Ensorcelled Hibernation
   633 | D:1      | Reached skill level 5 in Stealth
   966 | D:2      | Reached XP level 3. HP: 20/24 MP: 6/6
   971 | D:2      | Learned a level 3 spell: Confuse
  1038 | D:2      | Found an iron altar of Okawaru.
  1710 | D:2      | Reached skill level 5 in Hexes
  1710 | D:2      | Reached XP level 4. HP: 30/30 MP: 5/7
  1966 | D:2      | Reached skill level 1 in Ice Magic
  2611 | D:3      | Found an ancient bone altar of Kikubaaqudgha.
  2620 | D:3      | Became a worshipper of Kikubaaqudgha
  2751 | D:3      | Reached XP level 5. HP: 35/35 MP: 6/9
  2829 | D:4      | Noticed Prince Ribbit
  3078 | D:4      | Noticed Ijyb
  3105 | D:4      | Killed Ijyb
  3105 | D:4      | Reached skill level 6 in Stealth
  3834 | D:4      | Reached XP level 6. HP: 36/41 MP: 3/10
  4362 | D:4      | Noticed Crazy Yiuf
  4367 | D:4      | Killed Crazy Yiuf
  4367 | D:4      | Reached skill level 5 in Short Blades
  4367 | D:4      | Reached skill level 7 in Stealth
  4410 | D:4      | Reached XP level 7. HP: 46/46 MP: 9/12
  4502 | D:4      | Noticed an ogre
  4509 | D:4      | Noticed Sigmund
  4521 | D:4      | Killed an ogre
  4655 | D:4      | Killed Sigmund
  4779 | D:4      | Acquired Kikubaaqudgha's first power
  4779 | D:4      | Received a gift from Kikubaaqudgha
  4836 | D:4      | Identified Kikubaaqudgha's Grimoire of Stolen Souls (Kikubaaqudgha gifted it to you on level 4 of the Dungeon)
  4876 | D:4      | Found a bloodstained altar of Trog.
  4932 | D:5      | Entered Level 5 of the Dungeon
  4985 | D:5      | Reached skill level 8 in Stealth
  5065 | D:5      | Found a shimmering altar of Xom.
  5066 | D:5      | Reached XP level 8. HP: 52/52 MP: 13/13
  5218 | D:5      | Noticed Menkaure
  5221 | D:5      | Killed Menkaure
  6171 | D:6      | Acquired Kikubaaqudgha's second power
  6751 | D:6      | Reached XP level 9. HP: 43/57 MP: 1/14
  7231 | D:6      | Reached skill level 5 in Ice Magic
  7467 | D:6      | HP: 2/57 [orc priest/divine providence (12)]
  7471 | D:6      | Killed from afar by an orc wizard

Action                   |  1- 3 |  4- 6 |  7- 9 || total
-------------------------+-------+-------+-------++-------
Melee: Dagger            |   110 |   131 |   139 ||   380
 Cast: Ensorcelled Hiber |     9 |    51 |    51 ||   111
       Confuse           |       |     4 |    20 ||    24
  Use: Scroll            |       |       |    11 ||    11
 Stab: Sleeping          |    13 |    45 |    49 ||   107
       Confused          |       |       |    13 ||    13
       Distracted        |       |       |     1 ||     1
  Eat: Corpse            |       |     1 |     1 ||     2
